 Dungeon Crawl Stone Soup version 0.23.1-41-g7e51ed32d8 (webtiles) character file.

Game seed: 8635309599488450445

21 PentaManta the Skirmisher (level 2, -1/21 HPs)
             Began as an Octopode Fighter on Mar 30, 2019.
             Slain by a kobold
             ... wielding a +3 whip
              (6 damage)
             ... on level 1 of the Dungeon.
             The game lasted 00:00:50 (306 turns).

PentaManta the Skirmisher (Octopode Fighter)         Turns: 306, Time: 00:00:51

Health: -1/21      AC:  1    Str: 15    XL:     2   Next: 87%
Magic:  2/2        EV: 11    Int: 10    God:
Gold:   27         SH:  8    Dex: 11    Spells: 1/1 levels left

rFire    . . .     SeeInvis .   a - +0 long sword
rCold    . . .     Gourm    .   b - +0 shield
rNeg     . . .     Faith    .   (helmet restricted)
rPois    .         Spirit   .   (no amulet)
rElec    .         Reflect  .   g - ring of flight
rCorr    .         Harm     .   (no ring)
MR       .....                  (no ring)
Stlth    ++........             (no ring)
HPRegen  0.07/turn              (no ring)
MPRegen  0.08/turn              (no ring)
                                (no ring)
                                (no ring)

@: no status effects
A: almost no armour, stealthy swim, amphibious, 8 rings, constrict 8, camouflage
1, gelatinous body 1
a: Evoke Flight


You were on level 1 of the Dungeon.
You were not hungry.

You visited 1 branch of the dungeon, and saw 1 of its levels.

You collected 27 gold pieces.

Inventory:

Hand Weapons
 a - a +0 long sword (weapon)
Missiles
 e - a throwing net (quivered)
Armour
 b - a +0 shield (worn)
Jewellery
 g - a ring of flight (left tentacle)
Scrolls
 f - a scroll of remove curse {unknown}
Potions
 c - a potion of might
Comestibles
 d - 2 rations


   Skills:
 + Level 3.5 Fighting
 + Level 2.7 Long Blades
 - Level 3.0 Dodging
 - Level 3.0 Shields


You had one spell level left.
You didn't know any spells.
Your spell library was empty.

Dungeon Overview and Level Annotations

Branches:
Dungeon (1/15)

Altars:
Elyvilon


Innate Abilities, Weirdness & Mutations

You cannot wear most types of armour.
You are very stealthy in the water. (Stealth+)
You are amphibious.
You can wear up to eight rings at the same time.
You can use your tentacles to constrict eight enemies at once.
Your skin changes colour to match your surroundings (Stealth+).
Your rubbery body absorbs attacks. (AC +1, EV +1)


Message History

The kobold throws a stone.
The stone hits you. The kobold hits you with a +3 whip.
You see here a stone.
You miss the kobold. Your grab misses the kobold.
You squeeze the kobold, but do no damage.
A bat comes into view.
The kobold throws a stone.
The stone barely misses you. You block the kobold's attack. x2
You barely miss the kobold. You grab the kobold. You constrict the kobold.
The kobold barely misses you. The kobold hits you with a +3 whip.
You are too injured to fight recklessly!
You are too injured to fight recklessly!
You hit the kobold.
You kill the kobold!
You block the bat's attack. The kobold hits you with a +3 whip.
* * * LOW HITPOINT WARNING * * *
You closely miss the kobold. You grab the kobold.
You constrict the kobold, but do no damage.
You block the bat's attack. The kobold hits you with a +3 whip.
You die...

#.......[..............
#................####...
......[..........#.>....
..........(..(..........
..................##...
....#.#..........##..##
..#.#.#..............#
.##>#.#........(bK.$.#
.##.. $.......(@...!#
(..... .....(..)#..##
..... ......##...## ...
#.#..# ##..# .# #....
.... # ##... ..#.. # #..
..##[. # .. ... .# #


You could see a bat and a kobold.

Vanquished Creatures
  2 dart slugs (D:1)
  2 leopard geckos (D:1)
  A giant cockroach (D:1)
  3 hobgoblins (D:1)
  4 bats (D:1)
  A frilled lizard (D:1)
  A goblin (D:1)
  2 kobolds (D:1)
16 creatures vanquished.

Notes
Turn   | Place    | Note
-------+----------+-------------------------------------------
     0 | D:1      | PentaManta the Octopode Fighter began the quest for the
                  | Orb.
     0 | D:1      | Reached XP level 1. HP: 16/16 MP: 1/1
     1 | D:1      | Found a white marble altar of Elyvilon.
    35 | D:1      | Reached XP level 2. HP: 11/21 MP: 2/2
   306 | D:1      | Slain by a kobold

Action                   || total
-------------------------++-------
Melee: Long sword        ||    32
       Constrict         ||    14
       Tentacles         ||     6
 Stab: Sleeping          ||     2
Armor: Skin              ||     3
Dodge: Dodged            ||    15
Block: Shield            ||    12
       Rpst.: Long sword ||     3
